 Dungeon Crawl Stone Soup version 0.28.0-45-g0d030f2227 (console) character file.

Game seed: 7158631999447512703

71526 Banquo the Thaumaturge (level 15, -6/129 HPs)
             Began as a Djinni Venom Mage on Apr 9, 2022.
             Was an Elder of Ashenzari.
             Killed by divine providence
             ... invoked by Saint Roka
              (11 damage)
             ... on level 2 of the Orcish Mines on Apr 11, 2022.
             The game lasted 03:11:10 (41109 turns).

Banquo the Thaumaturge (Djinni Venom Mage)         Turns: 41109, Time: 03:11:10

Health: -6/129     AC: 10    Str: 13    XL:     15   Next: 82%
Gold:   1063       EV: 15    Int: 24    God:    Ashenzari [****..] SH: 14 Dex: 14

rFire   + + .      SeeInvis +   b - staff of conjuration
rCold   + . .      Faith    .   i - +2 kite shield {rC+}
rNeg    . . .      Spirit   .   d - +2 leather armour of the Pangnostic Moon {rC+, Self, Cun} (curse)
rPois   ∞          Reflect  .   h - +1 helmet "Chagrin of Ashenzari" {Cun, Fort} (curse)
rElec   .          Harm     .   e - +0 cloak of Curses and Power {Range, Self} (curse)
rCorr   .          Rampage  .   g - +0 pair of gloves of Ashenzari's Burden {Fort, Self} (curse)
Will    +....      Clarity  +   (boots unavailable)
Stlth   ++++......              t - amulet "Tethered Water Diviner" {Acrobat, Melee, Self} (curse)
HPRegen 0.31/turn               S - ring of see invisible
MPRegen 0.00/turn               v - ring of the Eternal Stars {Str+6, Self, Range} (curse)

@: flying, studying Armour
A: sickness immunity, fire resistance 2, cold vulnerability 1, float, innate
caster, HP casting, extra vitality 1
a: Renounce Religion, Curse Item, Shatter the Chains


You were on level 2 of the Orcish Mines.
You worshipped Ashenzari.
Ashenzari was greatly pleased with you.
You visited 4 branches of the dungeon, and saw 21 of its levels.
You visited 1 bazaar.
You also visited: Sewer, Ice Cave and Volcano.

You collected 2107 gold pieces.
You spent 1044 gold pieces at shops.

Inventory:

Hand Weapons
 a - a +2 rapier of electrocution
 c - a +2 short sword of venom
 F - a +1 spear of flaming
Missiles
 l - a throwing net
 u - 15 boomerangs
 E - 19 poisoned darts
Armour
 d - the cursed +2 leather armour of the Pangnostic Moon (worn) {rC+, Self, Cun}
   (You found it in a volcano)

   It has a curse which improves the following skills: Introspection: Fighting
   and Spellcasting.
   Cunning:   Dodging and Stealth.
 e - the cursed +0 cloak of Curses and Power (worn) {Range, Self}
   (You took it off Crazy Yiuf on level 6 of the Dungeon)

   It has a curse which improves the following skills: Ranged Combat: Slings,
   Bows, Crossbows and Throwing.
   Introspection: Fighting and Spellcasting.
 g - the cursed +0 pair of gloves of Ashenzari's Burden (worn) {Fort, Self}
   (You found it on level 9 of the Dungeon)

   It has a curse which improves the following skills: Fortitude: Armour and
   Shields.
   Introspection: Fighting and Spellcasting.
 h - the cursed +1 helmet "Chagrin of Ashenzari" (worn) {Cun, Fort}
   (You found it on level 6 of the Dungeon)

   It has a curse which improves the following skills: Cunning: Dodging and
   Stealth.
   Fortitude: Armour and Shields.
 i - a +2 kite shield of cold resistance (worn)
Magical Staves
 b - a staff of conjuration (weapon)
 x - a staff of air
Jewellery
 t - the cursed amulet "Tethered Water Diviner" (around neck) {Acrobat, Melee, Self}
   (You found it on level 2 of the Lair of Beasts)

   [amulet of the acrobat]

   It increases your evasion while moving and waiting.
   It has a curse which improves the following skills: Melee Combat: Short
   Blades, Long Blades, Axes, Maces & Flails, Polearms, Staves and Unarmed
   Combat.
   Introspection: Fighting and Spellcasting.
 v - the cursed ring of the Eternal Stars (right hand) {Str+6, Self, Range}
   (You found it on level 8 of the Dungeon)

   [ring of strength]

   Str:       It affects your strength (+6).
   It has a curse which improves the following skills: Introspection: Fighting
   and Spellcasting.
   Ranged Combat: Slings, Bows, Crossbows and Throwing.
 O - a ring of fire
 S - a ring of see invisible (left hand)
Wands
 k - a wand of digging (7)
 p - a wand of flame (36)
 J - a wand of iceblast (14)
Scrolls
 m - 2 scrolls of magic mapping
 n - 15 scrolls of teleportation
 y - 2 scrolls of blinking
 B - 2 scrolls of fog
 H - 2 scrolls of holy word
 K - a scroll of summoning
Potions
 f - 11 potions of curing
 j - 4 potions of cancellation
 o - 13 potions of heal wounds
 q - a potion of resistance
 r - 5 potions of haste
 s - 3 potions of berserk rage
 w - 5 potions of might
 A - 2 potions of ambrosia
 D - a potion of brilliance
 G - 2 potions of invisibility
Miscellaneous
 C - a condenser vane
 I - a phantom mirror
 R - a box of beasts


   Skills:
 - Level 14.0(19.5) Fighting
 * Level 1.7(3.1) Short Blades
 - Level 2.7(5.1) Armour
 * Level 8.0(11.0) Dodging
 * Level 8.0(11.0) Stealth
 * Level 9.9(12.9) Shields
 - Level 14.0(19.5) Spellcasting


You had 17 spell levels left.
You knew the following spells:

 Your Spells              Type           Power      Damage    Failure   Level
a - Sting                 Tmut/Pois      100%       1d8       0%          1
b - Swiftness             Air            87%        N/A       0%          3
c - Mephitic Cloud        Conj/Pois/Air  100%       N/A       0%          3
d - Lee's Rapid Deconstr  Erth           43%        3d22*     1%          5
e - Alistair's Intoxicat  Tmut/Pois      58%        N/A       1%          5
f - Foxfire               Conj/Fire      100%       2x1d9     0%          1
i - Iron Shot             Conj/Erth      54%        9d10      1%          6
p - Fulminant Prism       Conj/Hex       54%        3d23      0%          4
r - Searing Ray           Conj           100%       2d8       0%          2
z - Poisonous Vapours     Pois/Air       100%       N/A       0%          2
O - Olgreb's Toxic Radia  Pois           87%        N/A       0%          4
Your spell library was empty.

Dungeon Overview and Level Annotations

Branches:
Dungeon (12/15)            Temple (1/1) D:7            Lair (6/6) D:10
  Swamp (0/4) Lair:3       Spider (0/4) Lair:4        Slime (0/5) Lair:5
    Orc (2/2) D:11            Elf (0/3) Orc:2         Sewer (visited)
  IceCv (visited)         Volcano (visited)

Altars:
Ashenzari
Cheibriados
Dithmenos
Elyvilon
Fedhas
Gozag
Hepliaklqana
Kikubaaqudgha
Makhleb
Nemelex Xobeh
Okawaru
Qazlal
Ru
Sif Muna
Trog
Uskayaw
Vehumet
Wu Jian
Xom
Yredelemnul
Zin
The Shining One
Beogh
Jiyva
Lugonu

Shops:
D:1 [   D:11 (:   Orc:2 =[*

Portals:
Abyss: Lair:6
Trove: D:10 (give +4 storm dragon scales)

Annotations:
Lair:6 3 runed translucent doors, Rexfelis's ghost, journeyman MiBe
Orc:2 Saint Roka


Innate Abilities, Weirdness & Mutations

You are immune to sickness and miasma.
You are immune to poison.
Your flesh is very heat resistant. (rF++)
You are vulnerable to cold. (rC-)
You float through the air rather than walking.
You learn spells naturally, not from books.
Your magical power is your life essence.
You have superior vitality. (+4 MHP)


Message History

Aiming: Lee's Rapid Deconstruction (safe; 1% risk of failure)
Press: ? - help, Dir - move target A stone wall.
The wall shatters!
The blast of rock fragments hits the orc warrior!!
You kill the orc warrior!
The blast of rock fragments hits Saint Roka!!
Saint Roka is heavily wounded.
Casting: Lee's Rapid Deconstruction (safe; 1% risk of failure)
Confirm with . or Enter, or press ? or * to list all spells.
Aiming: Fulminant Prism (safe; 0% risk of failure)
Press: ? - help, Dir - move target You feel a surge of power!
You conjure a prism of explosive energy!
A fulminant prism comes into view.
Saint Roka says, "In the orcish mines, orcs kill the likes of YOU!"
Saint Roka calls down the wrath of Beogh upon you.
Beogh smites you!
* * * LOW HITPOINT WARNING * * *
Your fulminant prism crackles loudly.
Items here: )) [[.
Saint Roka mumbles some strange prayers to Beogh against you.
Beogh smites you!
* * * LOW HITPOINT WARNING * * *
Your fulminant prism explodes!
The blast of energy engulfs Saint Roka!!
Saint Roka is severely wounded.
You hear a shout!
Things that are here:
a +0 chain mail; a +0 mace; a +0 hand axe Saint Roka mumbles some strange prayers to Beogh against you.
Beogh smites you!
* * * LOW HITPOINT WARNING * * *
Saint Roka invokes the aid of Beogh against you.
Beogh smites you!
* * * LOW HITPOINT WARNING * * *
There is a stone staircase leading up here.
Saint Roka invokes the aid of Beogh against you.
Beogh smites you!
You die...

##### ### ########### ##..##
##########[...#
#....###.##.#........#### #
*#....#........##'#..##.## ##
##..###.##....#..#......# .####
##....#...@....#..#..##.##
.#..###..............#..#...####
.....###.............#8_#....#.##
......#...#...#.[[.#.####.......#
........<#.....[[[##...........##
.........#).....)).#............#
........#...........#[..........#
........#........o..........#...#
..#.........######....[.........#


You could see Saint Roka (poisoned).

Vanquished Creatures
  Kirke (D:12)
  A reaper (IceCv)
  An ettin (Orc:2)
  8 hydras
  A catoblepas (Lair:3)
  A two-headed ogre (D:10)
  3 boulder beetles
  A tengu warrior (D:9)
  3 thrashing horrors (Lair:6)
  A fire crab (Volcano)
  An obsidian statue (Volcano)
  A deep elf pyromancer (D:12)
  A lindwurm (Volcano)
  2 ugly things
  4 orc knights
  A manticore (D:9)
  An orc sorcerer (Orc:2)
  A cyclops (D:12)
  12 elephants
  3 black mambas
  A smoke demon (Lair:6)
  An ice statue (IceCv)
  15 cane toads
  A gargoyle (D:11)
  2 rime drakes
  A yaktaur (D:11)
  3 anaconda simulacra (IceCv)
  An efreet (D:10)
  12 komodo dragons
  2 ancient zymes (Lair:6)
  An entropy weaver simulacrum (IceCv)
  4 polar bears
  6 trolls
  12 dream sheep (Lair:6)
  31 blink frogs
  5 culicivoras (Lair:4)
  4 large abominations (Lair:6)
  A spriggan (Lair:6)
  3 ynoxinuls (Lair:6)
  2 jumping spiders (Lair:4)
  2 shadows
  Eustachio (D:6)
  A dire elephant simulacrum (IceCv)
  Sigmund (D:4)
  5 basilisks
  8 small abominations (Lair:6)
  Grum (D:8)
  A human (D:12)
  5 fire bats (Volcano)
  39 yaks
  6 wyverns
  2 hogs (D:12)
  A death yak simulacrum (IceCv)
  2 redbacks (Lair:4)
  3 chaos spawn (Lair:6)
  Menkaure (D:6)
  3 wargs (Orc:2)
  2 harpy simulacra (IceCv)
  2 vampire mosquitoes (D:9)
  Edmund (D:6)
  An acid dragon (D:10)
  3 hell hounds (Volcano)
  24 water moccasins
  30 orc warriors
  2 ice beasts
  4 black bears
  A necrophage (D:6)
  3 ogres
  11 wolves
  4 centaurs
  A phantom (D:7)
  A kobold brigand (D:10)
  30 bullfrogs
  2 gnoll sergeants
  A wyvern zombie (D:9)
  5 scorpions
  7 two-headed ogre simulacra (IceCv)
  A water moccasin zombie (D:6)
  A wyvern skeleton (D:7)
  A water moccasin skeleton (D:5)
  6 killer bees (D:10)
  A wight (D:9)
  An electric eel (Lair:4)
  5 howler monkeys
  A bullfrog zombie (D:7)
  5 lava snakes (Volcano)
  3 hounds
  4 jellies
  Crazy Yiuf (D:6)
  19 orc priests
  4 iguanas
  25 orc wizards
  7 troll simulacra (IceCv)
  8 spriggan simulacra (IceCv)
  2 wolf simulacra (IceCv)
  12 gnolls
  A howler monkey zombie (D:5)
  13 adders
  6 naga simulacra (IceCv)
  A shadow imp (D:8)
  17 white imps
  6 ufetubi (IceCv)
  2 adder skeletons
  An adder zombie (D:5)
  2 worms
  A dart slug (D:2)
  93 orcs
  7 bats
  7 endoplasms
  14 giant cockroaches
  4 goblins
  10 hobgoblins
  14 kobolds
  4 quokkas
  9 ball pythons
  9 frilled lizards
  7 rats
  7 foxfires
  A fulminant prism (D:9)
716 creatures vanquished.

Vanquished Creatures (others)
  An orc priest (D:12)
  An orc (D:12)
  A bush (Lair:6)
  242 foxfires
  135 fulminant prisms
  75 fungi
  88 plants
543 creatures vanquished.

Grand Total: 1259 creatures vanquished

Notes
Turn   | Place    | Note
-------+----------+-------------------------------------------
     0 | D:1      | Banquo the Djinni Venom Mage began the quest for the Orb.
     0 | D:1      | Reached XP level 1. HP: 15/15 MP: 0/0
   213 | D:1      | Found a faded altar of an unknown god.
   462 | D:1      | Reached XP level 2. HP: 19/21 MP: 0/0
   593 | D:1      | Found Hatser's Antique Armour Boutique.
  1799 | D:2      | Reached XP level 3. HP: 20/26 MP: 0/0
  1799 | D:2      | Learned a level 1 spell: Foxfire
  2417 | D:2      | Reached skill level 1 in Fighting
  2661 | D:2      | Reached XP level 4. HP: 26/32 MP: 0/0
  4328 | D:3      | Reached XP level 5. HP: 32/37 MP: 0/0
  4328 | D:3      | Learned a level 2 spell: Searing Ray
  5543 | D:4      | Noticed Sigmund
  5639 | D:4      | Found an iron altar of Okawaru.
  5648 | D:4      | Found a hide-covered altar of Uskayaw.
  5695 | D:4      | Reached skill level 1 in Shields
  5695 | D:4      | Reached XP level 6. HP: 27/42 MP: 0/0
  6083 | D:4      | Noticed a water moccasin
  6091 | D:4      | Killed a water moccasin
  6092 | D:4      | Reached skill level 5 in Spellcasting
  6092 | D:4      | Reached XP level 7. HP: 12/48 MP: 0/0
  6092 | D:4      | Learned a level 3 spell: Swiftness
  6857 | D:4      | Killed Sigmund
  7381 | D:4      | Found a burning altar of Makhleb.
  7391 | D:4      | Reached XP level 8. HP: 48/55 MP: 0/0
  7470 | D:4      | Found a burning altar of Makhleb.
  7521 | D:4      | Found an iron altar of Okawaru.
  7598 | D:4      | Found a hide-covered altar of Uskayaw.
  8120 | D:5      | Entered Level 5 of the Dungeon
  8383 | D:5      | Found a glowing drain.
  8413 | Sewer    | Entered a sewer
  9541 | D:6      | Reached XP level 9. HP: 56/61 MP: 0/0
  9541 | D:6      | Learned a level 4 spell: Fulminant Prism
  9738 | D:6      | Found a blossoming altar of Fedhas.
  9809 | D:6      | Noticed Eustachio
  9836 | D:6      | Killed Eustachio
  9909 | D:6      | Found a snail-covered altar of Cheibriados.
  9909 | D:6      | Found a bloodstained altar of Trog.
 10365 | D:6      | Noticed Menkaure
 10371 | D:6      | Killed Menkaure
 10499 | D:6      | Noticed Edmund
 10509 | D:6      | Killed Edmund
 10989 | D:6      | Found a runed translucent door.
 10990 | D:6      | Noticed Crazy Yiuf
 11593 | D:7      | Found a sacrificial altar of Ru.
 11981 | D:7      | Found a shadowy altar of Dithmenos.
 12020 | D:7      | Found a shimmering altar of Xom.
 12074 | D:7      | Reached XP level 10. HP: 59/67 MP: 0/0
 12287 | D:7      | Found a staircase to the Ecumenical Temple.
 12299 | Temple   | Entered the Ecumenical Temple
 12891 | Temple   | Became a worshipper of Ashenzari the Shackled
 13639 | D:8      | Noticed Grum
 13644 | D:8      | Killed Grum
 13937 | D:8      | Found a stormy altar of Qazlal.
 14036 | D:8      | Found a sparkling altar of Nemelex Xobeh.
 14648 | D:9      | Identified the +1 chain mail "Ruriy" {rF- Will+ SInv}
 14792 | D:9      | Noticed a manticore
 14801 | D:9      | Killed a manticore
 14802 | D:9      | Reached skill level 10 in Spellcasting
 14808 | D:9      | Reached * piety under Ashenzari
 15200 | D:9      | Reached skill level 5 in Fighting
 15295 | D:9      | Noticed a tengu warrior
 15395 | D:9      | Killed a tengu warrior
 16002 | D:10     | Entered Level 10 of the Dungeon
 16004 | D:10     | Reached XP level 11. HP: 71/76 MP: 0/0
 16004 | D:10     | Learned a level 5 spell: Lee's Rapid Deconstruction
 16092 | D:10     | Found a portal to a secret trove of treasure.
 16143 | D:9      | Reached ** piety under Ashenzari
 16449 | D:10     | Reached skill level 5 in Dodging
 17305 | D:10     | Noticed a two-headed ogre
 17324 | D:10     | Killed a two-headed ogre
 17555 | D:10     | Found a staircase to the Lair.
 18020 | Lair:1   | Entered Level 1 of the Lair of Beasts
 18851 | Lair:1   | Reached *** piety under Ashenzari
 19413 | Lair:1   | Reached XP level 12. HP: 57/86 MP: 0/0
 19589 | Lair:1   | Noticed an eight-headed hydra
 19592 | Lair:1   | Killed an eight-headed hydra
 20169 | Lair:2   | Found a dark tunnel.
 20218 | Volcano  | Entered a volcano
 20658 | Volcano  | Noticed a fire crab
 20667 | Volcano  | Killed a fire crab
 20668 | Volcano  | Reached skill level 10 in Fighting
 20888 | Volcano  | Found a bloodstained altar of Trog.
 22798 | Lair:3   | Noticed a catoblepas
 22824 | Lair:3   | Reached XP level 13. HP: 90/99 MP: 0/0
 22824 | Lair:3   | Learned a level 5 spell: Alistair's Intoxication
 22829 | Lair:3   | Noticed a four-headed hydra
 22845 | Lair:3   | Killed a catoblepas
 23179 | Lair:3   | Reached skill level 5 in Stealth
 23195 | Lair:3   | Killed a four-headed hydra
 23409 | Lair:3   | Found a staircase to the Swamp.
 23590 | Lair:3   | Noticed a five-headed hydra
 23607 | Lair:3   | Killed a five-headed hydra
 23608 | Lair:3   | Reached skill level 1 in Armour
 24709 | Lair:4   | Reached skill level 5 in Shields
 25330 | Lair:4   | Found a hole to the Spider Nest.
 26119 | Lair:4   | Noticed a boulder beetle
 26209 | Lair:4   | Killed a boulder beetle
 26334 | Lair:4   | Noticed a four-headed hydra
 26337 | Lair:4   | Killed a four-headed hydra
 26338 | Lair:4   | Reached XP level 14. HP: 58/112 MP: 0/0
 27171 | Lair:5   | Found a runed translucent door.
 27171 | Lair:5   | Found a viscous altar of Jiyva.
 27171 | Lair:5   | Found a staircase to the Slime Pits.
 28569 | Lair:6   | Entered Level 6 of the Lair of Beasts
 28723 | Lair:6   | Noticed Rexfelis's ghost (journeyman MiBe)
 29114 | Lair:6   | Found a runed translucent gate.
 29114 | Lair:6   | Found a runed translucent gate.
 29114 | Lair:6   | Found a runed translucent gate.
 31545 | Lair:6   | Reached XP level 15. HP: 94/121 MP: 0/0
 31545 | Lair:6   | Learned a level 6 spell: Iron Shot
 32348 | Lair:6   | Found a corrupted altar of Lugonu.
 32348 | Lair:6   | Found a one-way gate to the infinite horrors of the Abyss.
 33057 | Lair:6   | Found a corrupted altar of Lugonu.
 33057 | Lair:6   | Found a one-way gate to the infinite horrors of the Abyss.
 33982 | D:10     | Reached **** piety under Ashenzari
 34084 | D:11     | Found Moacaplid's Self-Improvement Boutique.
 34100 | D:11     | Identified the +5 scale mail "Vaenn" {rC+ Int+4}
 34150 | D:11     | Found a gateway to a bazaar.
 34340 | Bazaar   | Entered a bazaar
 34356 | Bazaar   | Found Ojoudgh's Distillery.
 34376 | Bazaar   | Found Ijeur's Magic Scroll Shop.
 34396 | Bazaar   | Found Dicobb's Distillery.
 34416 | Bazaar   | Found Lijuod's Magic Scroll Shop.
 34444 | Bazaar   | Bought a potion of heal wounds for 75 gold pieces
 34444 | Bazaar   | Bought 2 potions of haste for 300 gold pieces
 34444 | Bazaar   | Bought a potion of resistance for 150 gold pieces
 34444 | Bazaar   | Bought a potion of haste for 150 gold pieces
 34444 | Bazaar   | Bought a potion of heal wounds for 75 gold pieces
 34444 | Bazaar   | Bought a potion of mutation for 120 gold pieces
 34459 | Bazaar   | Bought a scroll of teleportation for 33 gold pieces
 34459 | Bazaar   | Bought a scroll of teleportation for 33 gold pieces
 34487 | Bazaar   | Bought a scroll of teleportation for 27 gold pieces
 34487 | Bazaar   | Bought a scroll of teleportation for 27 gold pieces
 34487 | Bazaar   | Bought a scroll of teleportation for 27 gold pieces
 34487 | Bazaar   | Bought a scroll of teleportation for 27 gold pieces
 34760 | D:11     | Identified the +4 scale mail of Impermeability {Rampage
                  | Drain rN++ SInv}
 35254 | D:11     | Found Ufauh's Weapon Shoppe.
 35256 | D:11     | Found a staircase to the Orcish Mines.
 35567 | D:12     | Noticed Kirke
 35571 | D:12     | Killed Kirke
 36152 | D:6      | Killed Crazy Yiuf
 36162 | D:6      | Reached ***** piety under Ashenzari
 36922 | Orc:1    | Entered Level 1 of the Orcish Mines
 37378 | Orc:2    | Entered Level 2 of the Orcish Mines
 37867 | Orc:2    | Found a staircase to the Elven Halls.
 37913 | Orc:2    | Found Foangico's Assorted Antiques.
 37947 | Orc:2    | Found a frozen archway.
 38027 | IceCv    | Entered an ice cave
 39243 | IceCv    | Noticed a reaper
 39366 | IceCv    | Killed a reaper
 39367 | IceCv    | Reached skill level 1 in Short Blades
 39741 | IceCv    | Identified the +6 hunting sling of Icsoyq {speed, rCorr
                  | Int+4 Dex+5}
 40542 | Orc:2    | Found Zujoxiam's Antique Armour Emporium.
 40652 | Orc:2    | Found Taatrur's Jewellery Shop.
 40849 | Orc:2    | Noticed Saint Roka
 41107 | Orc:2    | HP: 4/129 [Saint Roka/divine providence (14)]
 41109 | Orc:2    | Killed from afar by Saint Roka

Illustrated notes

Levels and vault maps discovered:
D:1:      heliophobic_arrival_glass_houses, layout_basic, serial_shops,
          nicolae_shop_advertising_works [nicolae_subvault_shop_adworks],
          serial_co_window_serial, co_window_of_opportunity_a,
          co_window_paths_a, co_window_paths_a, co_window_paths_b,
          co_window_paths_b, co_window_corner_ca, co_window_broadway_a,
          co_window_of_opportunity_c, co_window_unsneaky_path_c,
          co_window_unsneaky_path_b, co_window_broadway_b,
          co_window_of_opportunity_b, ebering_ecumenical_altar_hall,
          minmay_unequal
D:2:      layout_rooms
D:3:      minmay_diamond_boxcup, layout_loops_corners, kennysheep_another_room
D:4:      layout_loops_ring, mainiacjoe_overflow_catwalk_spiral,
          makhleb_blood_cavern_becter, chequers_serial_rivers_micro_b,
          minmay_manual_mess, uniq_sigmund
D:5:      layout_rooms, cheibrodos_sewer_entry_bend
D:6:      layout_layer_cave, gammafunk_temple_overflow_claw,
          mainiacjoe_overflow_paths, nrook_pool_corridor, corexii_checkpoint_b,
          uniq_edmund, uniq_eustachio, uniq_menkaure, uniq_crazy_yiuf_cottage
D:7:      layout_loops_ring, hangedman_ru_absence,
          nicolae_dithmenos_shadow_blocks,
          mainiacjoe_overflow_concentric_impassable,
          minmay_temple_entry_statues_fountains, minmay_door_square
D:8:      layout_loops_cross, nemelex_xobeh_ov_fountains_minmay,
          lemuel_crystal_altar, minmay_misc_feat_alley,
          chequers_serial_rivers_room_a, uniq_grum
D:9:      layout_roguey, minivault_25_ag
D:10:     layout_cave_pools, due_lair_maze_entry_diamond, enter_trove_0,
          kennysheep_generic_room_9
D:11:     layout_rooms, orc_david_3, serial_shops, bzr_entry_customers,
          nicolae_shop_self_help
D:12:     layout_loops_cross, uniq_kirke
Temple:   chequers_temple_sunken
Lair:1:   layout_cave_pods, lemuel_fruit_tree
Lair:2:   layout_small_grid, enter_volcano_1, grunt_megastairs_2
Lair:3:   layout_hall_layers, swamp_mist, eino_small_chamber_without_monster,
          lemuel_fruit_fields
Lair:4:   layout_big_grid, nicolae_spider_entry_tight_spaces,
          nicolae_quartered_pool_medium, chequers_serial_rivers_large_b,
          columned_hall_lemuel, nzn_random_ring
Lair:5:   layout_long_grid, slime_altar_2, serial_bayou_crossing
Lair:6:   hellmonk_lair_end_abyssal_woods, layout_small_grid,
          gammafunk_ghost_split, grunt_megastairs_4
Orc:1:    layout_caves, basic_altar
Orc:2:    grunt_orc_community_town_hall, layout_caves,
          grunt_orc_community_big_house_1, grunt_orc_community_big_house_2,
          grunt_orc_community_house_3, grunt_orc_community_house_2,
          grunt_orc_community_house_2, grunt_orc_community_house_2,
          grunt_orc_community_house_2, grunt_orc_community_house_2,
          portal_ice_cave_entry_imps

Skill      XL: |  1  2  3  4  5  6  7  8  9 10 11 12 13 14 15 |
---------------+----------------------------------------------+-----
Spellcasting   | 3 4 5 6 7 9 10 11 12 13 14 | 14.0
Fighting       | 1 2 3 5 8 11 12 13 14 | 14.0
Shields        | 1 2 3 4 6 8 9 |  9.9
Dodging        | 3 4 6 7 8 |  8.0
Stealth        | 4 6 7 8 |  8.0
Armour         | 2 |  2.7
Short Blades   | 1 |  1.7

Action                   |  1- 3 |  4- 6 |  7- 9 | 10-12 | 13-15 || total
-------------------------+-------+-------+-------+-------+-------++-------
Melee: Short sword       |     9 |    14 |     2 |     3 |       ||    28
       Staff             |       |       |     5 |     1 |     7 ||    13
       Rapier            |       |       |       |       |     5 ||     5
 Cast: Sting             |    25 |     2 |       |       |       ||    27
       Poisonous Vapours |    23 |    48 |    35 |    16 |    19 ||   141
       Foxfire           |     8 |    10 |    42 |    54 |    29 ||   143
       Searing Ray       |       |    14 |    42 |    46 |    14 ||   116
       Mephitic Cloud    |       |     3 |     5 |     2 |     4 ||    14
       Olgreb's Toxic Ra |       |       |    25 |    77 |   116 ||   218
       Fulminant Prism   |       |       |     9 |    43 |    85 ||   137
       Lee's Rapid Decon |       |       |       |    61 |   313 ||   374
       Iron Shot         |       |       |       |       |    25 ||    25
Invok: Curse Item        |       |       |       |     5 |     5 ||    10
       Shatter the Chain |       |       |       |     2 |     2 ||     4
  Use: Scroll            |       |     5 |     5 |     3 |     1 ||    14
Armor: Robe              |     2 |     5 |     6 |    16 |       ||    29
       Leather armour    |       |       |       |       |     9 ||     9
Dodge: Dodged            |    14 |    23 |    17 |    51 |    40 ||   145
Block: Buckler           |       |     4 |     3 |    20 |    21 ||    48
       Tower shield      |       |       |       |       |    13 ||    13
       Kite shield       |       |       |       |       |     1 ||     1
